 Dungeon Crawl Stone Soup version 0.30.0-18-gc0e69614cb (webtiles) character file.

Game seed: 2329120421818510800

18 cheesebisquit the Shooter (level 2, 17/17 HPs)
             Began as a Kobold Hunter on May 24, 2023.
             Quit the game on level 1 of the Dungeon.
             The game lasted 00:01:44 (452 turns).

cheesebisquit the Shooter (Kobold Hunter)            Turns: 452, Time: 00:01:44

Health: 17/17      AC:  3    Str:  8    XL:     2   Next: 90%
Magic:  2/2        EV: 14    Int: 10    God:
Gold:   25         SH:  0    Dex: 18    Spells: 1/1 levels left

rFire   . . .        a - +0 shortbow
rCold   . . .        (shield currently unavailable)
rNeg    . . .        c - +0 leather armour
rPois   .            (no helmet)
rElec   .            (no cloak)
rCorr   .            (no gloves)
SInv    +            (no boots)
Will    .....        (no amulet)
Stlth   +++          h - ring of see invisible
HPRegen 0.22/turn    (no ring)
MPRegen 0.08/turn

%: no passive effects
@: no status effects
A: small, no large weapons, nightstalker 3
a: no special abilities


You were on level 1 of the Dungeon.
You visited 1 branch of the dungeon, and saw 1 of its levels.

You collected 25 gold pieces.

Inventory:

Hand Weapons
 a - a +0 shortbow (weapon)
 i - a +1 dagger of electrocution
Armour
 c - a +0 leather armour (worn)
Jewellery
 d - an amulet of faith
 h - a ring of see invisible (left hand)
Scrolls
 b - a scroll of immolation
 e - 4 scrolls of identify {unknown}
 g - a scroll of brand weapon {unknown}
 j - a scroll of teleportation {unknown}
Potions
 f - a potion of haste {unknown}


   Skills:
 - Level 2.1 Fighting
 + Level 6.3 Ranged Weapons
 - Level 2.4 Dodging
 - Level 1.3 Stealth


You had one spell level left.
You didn't know any spells.
Your spell library was empty.

Dungeon Overview and Level Annotations

Branches:
Dungeon (1/15)

Altars:


Innate Abilities, Weirdness & Mutations

You are small and have problems with some larger weapons.
You are completely attuned to the shadows.


Message History

You see here a +1 dagger of electrocution.
i - a +1 dagger of electrocution A kobold comes into view.
It is wielding a +0 dagger.
You shoot an arrow. The arrow hits the kobold.
The kobold shouts!
The kobold is moderately wounded.
You shoot an arrow. The arrow hits the kobold!
You kill the kobold!
You see here a +0 dagger.
A bat comes into view.
You see here 10 gold pieces.
You shoot an arrow. The arrow hits the bat.
You kill the bat!
You now have 25 gold pieces (gained 10).
j - a scroll labelled GUANEVUFEW You see here a +0 dagger.
e - 4 scrolls labelled GIRESH XEPS (gained 1)
Found a dagger.
You open the door.
There is an open door here.
There is an open door here.
You see here a frilled lizard skeleton.
A dart slug comes into view.
The dart slug launches a dart at you. The slug dart hits you.
You shoot an arrow. The arrow hits the dart slug.
The dart slug is lightly wounded.
The dart slug launches a dart at you. The slug dart misses you.
You shoot an arrow. The arrow hits the dart slug.
The dart slug is heavily wounded.
You shoot an arrow. The arrow hits the dart slug!
You kill the dart slug!
HP restored.
A quokka comes into view.
You shoot an arrow. The arrow hits the quokka.
The quokka is severely wounded.
You shoot an arrow. The arrow hits the quokka!
You kill the quokka!
Are you sure you want to abandon this character and quit the game? (Confirm with "yes".)

#............####
#.....
#...............##
#.....
###........#.....#
#.....
#........####..####
#†.... #........#
##....### ###.....
##########
#.##...####.#.####
#.#...........#
#.#.##.....>#.#
#@#.#####...#.#
#.#.# #.#.#.. #.#.#
#.#.#### #.#.#
#.#.# ... #.#


There were no monsters in sight!

Vanquished Creatures
  A dart slug (D:1)
  An endoplasm (D:1)
  A giant cockroach (D:1)
  A goblin (D:1)
  2 hobgoblins (D:1)
  2 quokkas (D:1)
  2 ball pythons (D:1)
  2 bats (D:1)
  2 frilled lizards (D:1)
  A kobold (D:1)
  2 rats (D:1)
17 creatures vanquished.

Notes
Turn   | Place    | Note
-------+----------+-------------------------------------------
     0 | D:1      | cheesebisquit the Kobold Hunter began the quest for the
                  | Orb.
     0 | D:1      | Reached XP level 1. HP: 12/12 MP: 1/1
   213 | D:1      | Reached XP level 2. HP: 17/17 MP: 2/2
   247 | D:1      | Reached skill level 6 in Ranged Weapons
   452 | D:1      | Quit the game

Illustrated notes

Levels and vault maps discovered:
D:1:      lemuel_arrival_lava_pool, layout_basic, chequers_arboretum

Skill      XL: |  1  2 |
---------------+-------+-----
Ranged Weapons | 6 |  6.3
Fighting       | |  2.1
Dodging        | |  2.4
Stealth        | |  1.3

Action                     || total
---------------------------++-------
   Fire: Shortbow          ||    30
  Dodge: Dodged            ||     6
